 Dungeon Crawl Stone Soup version 0.17-a0-1181-gabc46e6 (webtiles) character file.

177 SWAGNEMITE the Sneak (level 5, 0/44 HPs)
             Began as a Naga Enchanter on May 31, 2015.
             Slain by Baka's ghost (8 damage)
             ... on level 3 of the Dungeon.
             The game lasted 00:13:11 (3173 turns).

SWAGNEMITE the Sneak (Naga Enchanter)               Turns: 3173, Time: 00:13:11

Health: 0/44       AC:  4    Str: 15    XL:     5   Next: 57%
Magic:  4/8        EV:  9    Int: 16    God:
Gold:   154        SH:  0    Dex: 12    Spells: 3 memorised, 2 levels left

rFire  . . .     SeeInvis +     a - +2 dagger
rCold  . . .     Clarity  .     b - +2 robe
rNeg   + . .     SustAt   .     (no shield)
rPois  +         Gourm    .     (helmet restricted)
rElec  .         Spirit   .     (no cloak)
rCorr  .         Warding  +     (no gloves)
rMut   .         Stasis   .     (no barding)
MR     .....                    e - amulet of warding {Ward, rN+, !d}
Stlth  +++.......               (no ring)
                                (no ring)

@: mighty, drained, very slow, not resistant to hostile enchantments, fairly
stealthy
A: antennae 1, see invisible, deformed body, poison resistance, slowness 2, slow
metabolism 1, spit poison 3, AC +1
a: Breathe Poison Gas


You were on level 3 of the Dungeon.
You were not hungry.

You visited 1 branch of the dungeon, and saw 3 of its levels.

You collected 154 gold pieces.

Inventory:

Hand weapons
 a - a +2 dagger (weapon)
Armour
 b - a +2 robe (worn)
Jewellery
 e - an amulet of warding (around neck) {Ward, rN+, !d}
   (You found it on level 2 of the Dungeon)
Scrolls
 m - 2 scrolls of remove curse
Potions
 l - 3 potions of curing
 n - a potion of resistance
Books
 c - a book of Maledictions
Comestibles
 d - 3 bread rations {@e1}
 f - a slice of pizza
 h - 2 meat rations {@e2}
 j - 5 fruits


   Skills:
 + Level 1.4(0.3) Fighting
 + Level 2.2(1.2) Short Blades
 - Level 1.5(0.5) Dodging
 * Level 6.7(5.5) Stealth
 - Level 2.1(1.0) Spellcasting
 * Level 4.1(3.0) Hexes


You had 2 spell levels left.
You knew the following spells:

 Your Spells              Type           Power        Failure   Level  Hunger
a - Ensorcelled Hibernat  Hex/Ice        #.....       21%         2    ###....
c - Confuse               Hex            ##......     21%         3    ####...
v - Corona                Hex            ##.....      10%         1    ##.....


Dungeon Overview and Level Annotations

Branches:
Dungeon (3/15)

Altars:
Xom

Annotations:
D:3 Baka's ghost, average GrFi


Innate Abilities, Weirdness & Mutations

You cannot wear boots.
Your serpentine skin is tough (AC +1).
You have supernaturally acute eyesight.
Armour fits poorly on your strangely shaped body.
Your system is resistant to poisons.
You cover ground very slowly.
You have a slow metabolism.
You can exhale a cloud of poison.
You have a pair of small antennae on your head.


Message History

You close the door.
You start waiting.
Done waiting.
Things that are here:
a flail; a chain mail; an orc skeleton You see here a jackal corpse.
Things that are here:
a hand axe; a ring mail A bat comes into view.
The helpless bat fails to defend itself.
You impale the bat!!
You kill the bat!
You see here a bat corpse.
A goblin comes into view. It is wielding a club.
The goblin shouts!
The goblin hits you but does no damage.
You closely miss the goblin. The goblin closely misses you.
You hit the goblin but do no damage. You hit the goblin.
You kill the goblin!
No target in view!
No target in view!
Things that are here:
a club; a goblin corpse
Things that are here:
a club; a goblin corpse You see here a rat skeleton.
Baka's ghost turns its malevolent gaze towards you.
You hear a shout!
Okay, then.
Here: Baka's ghost, wielding a weapon of draining The floor.
Aim: Baka's ghost, wielding a weapon of draining (chance to defeat MR: 33%) Baka's ghost easily resists.
You now have 5/8 mp.
Aim: Baka's ghost, wielding a weapon of draining (chance to defeat MR: 33%) Baka's ghost easily resists.
Baka's ghost barely misses you.
You now have 2/8 mp.
You don't have enough magic to cast that spell.
Baka's ghost barely misses you.
You hit Baka's ghost but do no damage. Baka's ghost hits you!
You partially resist.
You feel drained.
You take 9 damage, and have 35/44 hp.
MASSIVE DAMAGE!!
You don't have enough magic to cast that spell.
Baka's ghost hits you! You partially resist.
You feel drained.
You take 10 damage, and have 25/44 hp.
MASSIVE DAMAGE!!
Baka's ghost hits you. You partially resist.
You feel drained.
You take 4 damage, and have 21/44 hp.
Read which item? (? for menu, Esc to quit)
As you read the scroll labeled XOUTOM DORI, it crumbles to dust.
The creatures around you are filled with an inner flame!
It was a scroll of immolation.
Baka's ghost hits you. You partially resist.
You feel drained.
You take 2 damage, and have 19/44 hp.
Read which item? (? for menu, Esc to quit)
As you read the scroll labeled UTROPERUIDD, it crumbles to dust.
It is a scroll of enchant armour.
Enchant which item? (? for menu, Esc to quit)
Choose some type of armour to enchant, or Esc to abort.
Enchant which item? (? for menu, Esc to quit)
Your +1 robe glows green for a moment.
Baka's ghost hits you but does no damage.
You partially resist.
You feel drained.
Read which item? (? for menu, Esc to quit)
As you read the scroll labeled UGAOFR GERPH, it crumbles to dust.
Forget which spell ([?*] list [ESC] exit)?
Forget which spell ([?*] list [ESC] exit)?
Okay, then.
It was a scroll of amnesia.
Baka's ghost hits you. You partially resist.
You feel drained.
You take 4 damage, and have 15/44 hp.
Read which item? (? for menu, Esc to quit)
As you read the scroll labeled NIPPEG PYESK, it crumbles to dust.
You hear a loud clanging noise!
It was a scroll of noise.
You hear a shout! x2
Baka's ghost hits you!
* * * LOW HITPOINT WARNING * * *
You partially resist.
You feel drained.
You take 8 damage, and have 7/44 hp.
Read which item? (? for menu, Esc to quit)
As you read the scroll labeled EFOIHOLUFA, it crumbles to dust.
It is a scroll of identify.
Identify which item? (\ to view known items) (? for menu, Esc to quit)
n - a potion of resistance Baka's ghost hits you but does no damage.
You partially resist.
You feel drained.
Drink which item? (? for menu, Esc to quit)
You feel very mighty all of a sudden.
Baka's ghost makes a sound of rattling chains.
Baka's ghost hits you!
You die...

#..............# #####
#.......######.##############....
#...........[...............'....
####.........#.##############W.÷.
#.#..####.#.# #.... #.#..#
#.#.##############.... #.#..#
#.#..............#....
#.#..####.##############.#....
#.#.....#....@##########.##'##
#.#..##.#.###.W.......##+##...
###.#.......#≈#.........#.......
#...#.###...###.#######.#.......
#.###.# #.......# #........>
#.###.###.#...#.# #.........
##.....#÷....###.# #..#####..
##.#.###)#.......... #.... #..
...#†#÷†.#######[..# #..... #..


You could see Baka's ghost (inner flame).

Vanquished Creatures
  An orc priest (D:3)
  An orc wizard (D:3)
  3 gnolls
  2 adders (D:2)
  3 giant geckos
  7 orcs (D:3)
  4 giant cockroaches
  7 goblins
  7 hobgoblins
  6 jackals
  4 kobolds
  7 bats
  3 giant newts (D:1)
  7 rats
62 creatures vanquished.

Notes
Turn   | Place    | Note
--------------------------------------------------------------
     0 | D:1      | SWAGNEMITE the Naga Enchanter began the quest for the Orb.
     0 | D:1      | Reached XP level 1. HP: 15/15 MP: 3/3
   213 | D:1      | Reached XP level 2. HP: 22/22 MP: 5/5
   828 | D:1      | Reached skill level 5 in Stealth
   980 | D:1      | Gained mutation: You have a pair of small antennae on your head. [potion of mutation]
   980 | D:1      | Gained mutation: You can exhale a cloud of poison. [potion of mutation]
  1207 | D:2      | Reached XP level 3. HP: 10/28 MP: 6/6
  1213 | D:2      | HP: 7/28 [poisoned by an adder]
  1221 | D:2      | HP: 6/28 [poisoned by an adder]
  2099 | D:2      | Found a shimmering altar of Xom.
  2219 | D:3      | Reached XP level 4. HP: 37/37 MP: 7/7
  2234 | D:2      | Learned a level 3 spell: Confuse
  2237 | D:2      | Learned a level 2 spell: Ensorcelled Hibernation
  2280 | D:3      | Reached skill level 6 in Stealth
  2362 | D:3      | Reached skill level 1 in Fighting
  2363 | D:3      | Reached skill level 2 in Short Blades
  2363 | D:3      | Reached skill level 4 in Hexes
  2363 | D:3      | Reached XP level 5. HP: 42/44 MP: 8/8
  2370 | D:3      | HP: 11/44 [orc priest/nerve-wracking pain (9)]
  2673 | D:3      | Noticed Baka's ghost (average GrFi)
  3171 | D:3      | HP: 7/44 [Baka's ghost (8)]
  3173 | D:3      | Slain by Baka's ghost

Vault maps used:
D:1:      erik_arrival_cave_to_civilisation
D:2:      lemuel_coloured_pillars_altar, serial_forest,
          infiniplex_forest_lined_2, infiniplex_forest_lined_3,
          infiniplex_forest_clump_cross, infiniplex_forest_lined_corner,
          infiniplex_forest_lined_3, hangedman_abyss_or_decor_stabs
D:3:      lemuel_upstairs_altar, feat_on_display

Action                   |  1- 3 |  4- 6 || total
-------------------------+-------+-------++-------
Melee: Dagger            |    95 |    75 ||   170
 Cast: Ensorcelled Hiber |       |     8 ||     8
       Confuse           |       |     2 ||     2
 Abil: Spit Poison       |     2 |       ||     2
       Breathe Poison Ga |     2 |     4 ||     6
  Use: Scroll            |     4 |     5 ||     9
       Potion            |     3 |     2 ||     5
 Stab: Sleeping          |     6 |     9 ||    15
  Eat: Chunk             |     3 |     4 ||     7

Vault maps used:
D:1:      erik_arrival_cave_to_civilisation
D:2:      lemuel_coloured_pillars_altar, serial_forest,
          infiniplex_forest_lined_2, infiniplex_forest_lined_3,
          infiniplex_forest_clump_cross, infiniplex_forest_lined_corner,
          infiniplex_forest_lined_3, hangedman_abyss_or_decor_stabs
D:3:      lemuel_upstairs_altar, feat_on_display

Table legend:
 A = Turns spent in this place as a percentage of turns spent in the entire game.
 B = Non-inter-level travel turns spent in this place as a percentage of non-inter-level travel turns spent in the entire game.
 C = Inter-level travel turns spent in this place as a percentage of turns spent in this place.
 D = Turns resting spent in this place as a percentage of non-inter-level travel turns spent in this place.
 E = Turns spent auto-exploring this place as a percentage of non-inter-level travel turns spent in this place.
 F = Non-inter-level travel turns spent in this place divided by the number of levels of this place that you've seen.
                   A       B       C       D       E      F
               +-------+-------+-------+-------+-------+----------------------
         Total | 100.0 | 100.0 |   0.9 |   1.7 |   8.8 | 299.7
       Dungeon | 100.0 | 100.0 |   0.9 |   1.7 |   8.8 | 299.7
               +-------+-------+-------+-------+-------+----------------------

Table legend:
 A = Kills in this place as a percentage of kills in entire the game.
 B = Kills by you in this place as a percentage of kills by you in the entire game.
 C = Kills by friends in this place as a percentage of kills by friends in the entire game.
 D = Other kills in this place as a percentage of other kills in the entire game.
 E = Experience gained in this place as a percentage of experience gained in the entire game.
 F = Experience gained in this place divided by the number of levels of this place that you have seen.
                   A       B       C       D       E      F
               +-------+-------+-------+-------+-------+----------------------
         Total | 100.0 | 100.0 |  -nan |  -nan | 100.0 |  84.3
       Dungeon | 100.0 | 100.0 |  -nan |  -nan | 100.0 |  84.3
               +-------+-------+-------+-------+-------+----------------------
